 Dungeon Crawl Stone Soup version 0.29-a0-321-gf1c400731a (webtiles) character file.

Game seed: 10537436434699060071

2 Dabor the Caller (level 1, 17/17 HPs)
             Began as a Gnoll Wanderer on Apr 5, 2022.
             Got out of the dungeon alive.
             The game lasted 00:00:20 (74 turns).

Dabor the Caller (Gnoll Wanderer)                     Turns: 74, Time: 00:00:21

Health: 17/17      AC:  3    Str:  9    XL:     1   Next: 30%
Magic:  4/4        EV: 11    Int: 14    God:
Gold:   0          SH:  0    Dex: 10    Spells: 4/5 levels left

rFire   . . .      SeeInvis .   a - +0 hand crossbow (vorpal)
rCold   . . .      Faith    .   (no shield)
rNeg    . . .      Spirit   .   d - +0 robe
rPois   .          Reflect  .   b - +0 helmet
rElec   .          Harm     .   (no cloak)
rCorr   .          Rampage  .   (no gloves)
Will    .....                   (no boots)
Stlth   ++........              (no amulet)
HPRegen 0.05/turn               (no ring)
MPRegen 0.09/turn               (no ring)

@: no status effects
A: fangs 1, strong nose, distributed training
a: no special abilities


You escaped.
You visited 1 branch of the dungeon, and saw 1 of its levels.

Inventory:

Hand Weapons
 a - a +0 vorpal hand crossbow (weapon)
Armour
 b - a +0 helmet (worn)
 d - a +0 robe (worn)
Potions
 c - a potion of lignification


   Skills:
 + Level 2.3 Fighting
 + Level 0.0 Short Blades
 + Level 0.0 Long Blades
 + Level 0.0 Axes
 + Level 0.0 Maces & Flails
 + Level 0.0 Polearms
 + Level 0.0 Staves
 + Level 0.0 Slings
 + Level 0.0 Bows
 + Level 4.4 Crossbows
 + Level 0.0 Throwing
 + Level 2.3 Armour
 + Level 0.0 Dodging
 + Level 4.0 Stealth
 + Level 0.0 Shields
 + Level 0.0 Unarmed Combat
 + Level 2.6 Spellcasting
 + Level 0.0 Conjurations
 + Level 0.0 Hexes
 + Level 5.3 Summonings
 + Level 0.0 Necromancy
 + Level 0.0 Translocations
 + Level 0.0 Transmutations
 + Level 0.0 Fire Magic
 + Level 0.0 Ice Magic
 + Level 0.0 Air Magic
 + Level 0.0 Earth Magic
 + Level 0.0 Poison Magic
 + Level 0.1 Invocations
 + Level 0.0 Evocations


You had 4 spell levels left.
You knew the following spells:

 Your Spells              Type           Power      Damage    Failure   Level
a - Summon Small Mammal   Summ           64%        N/A       2%          1

Your spell library contained the following spells:

 Spells                   Type           Power      Damage    Failure   Level
 Call Canine Familiar     Summ           16%        N/A       8%          3


Dungeon Overview and Level Annotations

Branches:
Dungeon (1/15)

Altars:


Innate Abilities, Weirdness & Mutations

You have very sharp teeth.
Your uncanny sense of smell can sniff out nearby items.
Your experience applies equally to all skills.


Message History

Found a stone staircase leading down.
Found 5 stones.
An endoplasm comes into view.
An endoplasm is nearby!
An endoplasm is nearby!
An endoplasm is nearby!
You shoot a bolt.
The bolt hits the endoplasm but does no damage.
The endoplasm barely misses your bat.
Really fire in your bat's direction? [Y]es or [N]o only, please.
Really fire in your bat's direction? [Y]es or [N]o only, please.
Really fire in your bat's direction? [Y]es or [N]o only, please.
Really fire in your bat's direction?
Okay, then.
An endoplasm is nearby!
Your bat hits the endoplasm but does no damage.
The endoplasm hits your bat.
Your bat barely misses the endoplasm.
Okay, then.
You shoot a bolt. The bolt hits the endoplasm.
The endoplasm is severely wounded.
The endoplasm freezes you.
You are frozen.
You shoot a bolt. The bolt hits the endoplasm.
You kill the endoplasm!
No target in view!
No target in view!
Magic restored.
HP restored.
Your bat disappears in a puff of smoke!
There is an open door here.
You enter the shallow water.
Moving in this stuff is going to be slow.
There is a staircase leading out of the dungeon here.
You can't go down here!
Are you sure you want to leave the Dungeon?
This will make you lose the game!
You have escaped!

#...# ## #'#.# ..
#.#.# #≈##≈#.#
#≈≈≈##.#
#######≈#.########
#≈≈≈≈≈≈##........#
#≈#≈###≈######.#.#
#≈#≈@≈#≈# #....#.#
#≈≈≈≈≈≈≈#...####.#
####+####.# #.# ..
##.#### #...(.#
###..##.# #....# #
∆ #..##.# .....
#>#


There were no monsters in sight!

Vanquished Creatures
  An endoplasm (D:1)
  A ball python (D:1)
2 creatures vanquished.

Notes
Turn   | Place    | Note
-------+----------+-------------------------------------------
     0 | D:1      | Dabor the Gnoll Wanderer began the quest for the Orb.
     0 | D:1      | Dabor set off with the following items: a +0 vorpal hand
                  | crossbow, a +0 helmet, a potion of lignification, a +0
                  | robe; and the following spell memorised: Summon Small
                  | Mammal; and the following spells available to memorise:
                  | Call Canine Familiar
     0 | D:1      | Reached XP level 1. HP: 17/17 MP: 4/4
    74 | D:$      | Got out of the dungeon alive.

Illustrated notes

Levels and vault maps discovered:
D:1:      ncdulo_wetmaze, layout_rooms, ebering_ecumenical_altar_mist,
          minmay_worlds_worst_comb

Action                   || total
-------------------------++-------
 Fire: Hand crossbow     ||     6
 Cast: Summon Small Mamm ||     1

Table legend: (Time is in decaauts)
 A = Elapsed time spent in this place.
 B = Non-inter-level travel time spent in this place.
 C = Inter-level travel time spent in this place.
 D = Time resting spent in this place.
 E = Time spent auto-exploring this place.
 F = Levels seen in this place.
 G = Mean time per level.
                   A        B        C        D        E       F      G
               +--------+--------+--------+--------+--------+-----+--------+
         Total |     86 |     53 |     33 |      0 |     37 |   1 |   86.0 |
       Dungeon |     86 |     53 |     33 |      0 |     37 |   1 |   86.0 |
               +--------+--------+--------+--------+--------+-----+--------+

Top non-repeatable levels by time:
     D:1: 86 daAuts
